 Dungeon Crawl Stone Soup version 0.30-b1-2-g02819fbbbe (webtiles) character file.

Game seed: 5753375939055892378

153 Borgoz the Ruffian (level 5, -3/45 HPs)
             Began as a Ghoul Gladiator on June 18, 2023.
             Slain by Sigmund
             ... wielding a +2 scythe of protection
              (7 damage)
             ... on level 2 of the Dungeon.
             The game lasted 00:03:36 (2038 turns).

Borgoz the Ruffian (Ghoul Gladiator)                Turns: 2038, Time: 00:03:37

Health: -3/45      AC: 10    Str: 18    XL:     5   Next: 35%
Magic:  4/4        EV:  8    Int:  3    God:
Gold:   115        SH:  0    Dex: 12    Spells: 4/4 levels left

rFire   . .          .
                       - Unarmed
rCold   + . .        (no shield)
rNeg    + + +        f - +0 chain mail
rPois   ∞            b - +1 helmet
rElec   .            (no cloak)
rCorr   .            (no gloves)
SInv    .            (no boots)
Will    .....        (no amulet) Stlth
                     (no ring)
HPRegen 0.00/turn    (no ring)
MPRegen 0.09/turn

%: no passive effects
@: confused, attractive, inhibited regen
A: claws 1, cold resistance 1, negative energy resistance 3, inhibited
regeneration, torment resistance 2, devour on kill
a: no special abilities


You were on level 2 of the Dungeon.
You visited 1 branch of the dungeon, and saw 3 of its levels.

You collected 115 gold pieces.

Inventory:

Missiles
 c - 2 throwing nets (quivered)
 d - a javelin
 j - 3 atropa-tipped darts
Armour
 b - a +1 helmet (worn)
 f - a +0 chain mail (worn)
Jewellery
 m - a +6 ring of intelligence
 n - a ring of willpower
Scrolls
 a - a scroll of enchant weapon
Potions
 i - 2 potions of lignification
 l - a potion of flight


   Skills:
 * Level 3.3 Fighting
 - Level 1.7 Throwing
 * Level 1.8 Armour
 * Level 3.4 Dodging
 + Level 2.0 Stealth
 * Level 4.1 Unarmed Combat


You had 4 spell levels left.
You didn't know any spells.
Your spell library contained the following spells:

 Spells                   Type           Power      Damage    Failure   Level
 Freeze                   Ice            0%         1d3       99%         1
 Slow                     Hex            0%         N/A       99%         1
 Confusing Touch          Hex            0%         N/A       100%        3
 Frozen Ramparts          Ice            0%         1d1       100%        3
 Hailstorm                Conj/Ice       0%         3d3       100%        3
 Vampiric Draining        Necr           0%         2d6       100%        3


Dungeon Overview and Level Annotations

Branches:
Dungeon (3/15)

Altars:

Annotations:
D:2 Sigmund
D:3 2 runed translucent doors


Innate Abilities, Weirdness & Mutations

You are immune to poison.
You have sharp fingernails.
Your flesh is cold resistant. (rC+)
You are immune to negative energy. (rN+++)
You do not regenerate when monsters are visible.
You are immune to unholy pain and torment.
You thrive by killing the living.


Message History

You are more confused.
Something completely misses you. Something hits you but does no damage.
You feel better.
You hear a zap.
A puff of flame appears from out of thin air!
The puff of flame misses you.
You closely miss something.
You hear some strange, mumbled words.
Something tries to affect you, but you resist.
You closely miss something. Something hits you!
You closely miss something.
You start to feel less resistant.
You miss something.
You hear a zap.
A puff of flame appears from out of thin air!
The puff of flame hits you. You resist.
You miss something.
You hear a zap.
A puff of flame appears from out of thin air!
The puff of flame hits you. You resist.
You closely miss something. Something hits you!
* * * LOW HITPOINT WARNING * * *
It was a potion of attraction.
You feel attractive to monsters.
You hear some strange, mumbled words.
You are confused.
You barely miss something. You scratch something.
Your resistance to elements expires.
Something hits you but does no damage.
You miss something.
You hear a zap.
A puff of flame appears from out of thin air!
The puff of flame hits you!
* * * LOW HITPOINT WARNING * * *
Okay, then.
You are too confused!
You are too confused!
You bump into the rock wall.
Something hits you!
You die...

#.#.#.####.##.####.........
#.#.#.# #.##.# #.........
#.#.#.####.##.####.........
....... ...##.#.##.........
#.#.#.####.##.#.##.........
#.#.............##.........
.........................
........{.....##.........
###@##...###.##.....
#.####.##..........####
.............###.#.....#
##.####.##...###.#..##.#
............#..##.#
###.##..###..#.....#
.......# #.......†.
##.##..# #).##.####
.......# #..##.#


There were no monsters in sight!

Vanquished Creatures
  Jessica (D:2)
  2 orc wizards (D:3)
  3 gnolls (D:2)
  An adder (D:3)
  A dart slug (D:1)
  3 orcs (D:3)
  3 ball pythons
  3 endoplasms
  2 giant cockroaches
  4 goblins
  2 hobgoblins
  8 jackals
  3 kobolds (D:1)
  A quokka (D:1)
  3 bats
  A frilled lizard (D:1)
  7 rats
48 creatures vanquished.

Notes
Turn   | Place    | Note
-------+----------+-------------------------------------------
     0 | D:1      | Borgoz the Ghoul Gladiator began the quest for the Orb.
     0 | D:1      | Reached XP level 1. HP: 17/17 MP: 0/0
   276 | D:1      | Reached XP level 2. HP: 21/25 MP: 1/1
   345 | D:1      | Found a faded altar of an unknown god.
   577 | D:1      | Reached XP level 3. HP: 30/30 MP: 2/2
   821 | D:2      | You fall into a shaft and drop 1 floor!
   851 | D:3      | Reached skill level 1 in Armour
   898 | D:3      | Found a large runed translucent door.
   956 | D:3      | Reached skill level 1 in Stealth
   992 | D:3      | Reached XP level 4. HP: 29/38 MP: 3/3
  1040 | D:3      | Found a large runed translucent door.
  1184 | D:2      | Reached skill level 4 in Unarmed Combat
  1382 | D:2      | Noticed Jessica
  1390 | D:2      | Killed Jessica
  1391 | D:2      | Reached XP level 5. HP: 43/45 MP: 4/4
  1987 | D:2      | Noticed Sigmund
  2038 | D:2      | Slain by Sigmund

Illustrated notes

Levels and vault maps discovered:
D:1:      minmay_arrival_widening_spiral_narrow, layout_basic,
          ebering_ecumenical_altar_sacrificial
D:2:      layout_basic, minmay_misc_feat_nine_boxes, uniq_jessica, uniq_sigmund
D:3:      layout_basic, jmf_multi_god_temple2, ebering_dispersal_statue_hall,
          eino_tiny_chamber

Skill      XL: |  1  2  3  4  5 |
---------------+----------------+-----
Dodging        | 3 |  3.4
Armour         | 1 |  1.8
Stealth        | 1 2 |  2.0
Fighting       | 3 |  3.3
Unarmed Combat | 4 |  4.1
Throwing       | |  1.7

Action                     |  1- 3 |  4- 6 || total
---------------------------+-------+-------++-------
  Melee: Unarmed           |   108 |    89 ||   197
         Punch             |     1 |     1 ||     2
  Throw: Throwing net      |       |     2 ||     2
    Use: Potion            |     4 |     9 ||    13
         Scroll            |       |     4 ||     4
   Stab: Held in net/web   |       |     2 ||     2
 Armour: Leather armour    |    25 |       ||    25
         Chain mail        |       |    42 ||    42
  Dodge: Dodged            |    54 |    24 ||    78
